 Dungeon Crawl Stone Soup version 0.28-a0-464-g0687ed57fd (webtiles) character file.

Game seed: 9140129962135380560

4 Ahmedlingzor the Grave Robber (level 1, 0/13 HPs)
             Began as a Vampire Necromancer on Sept 14, 2021.
             Slain by a jackal (2 damage)
             ... on level 1 of the Dungeon.
             The game lasted 00:01:56 (115 turns).

Ahmedlingzor the Grave Robber (Vampire Necromancer)  Turns: 115, Time: 00:01:56

Health: 0/13       AC:  2    Str:  7    XL:     1   Next: 58%
Magic:  1/3        EV: 12    Int: 17    God:
Gold:   0          SH:  0    Dex: 14    Spells: 2/4 levels left

rFire   . . .      SeeInvis +   (no weapon)
rCold   . . .      Faith    .   (no shield)
rNeg    . . .      Spirit   .   a - +0 robe
rPois   .          Reflect  .   (no helmet)
rElec   .          Harm     .   (no cloak)
rCorr   .          Rampage  .   (no gloves)
Will    .....                   (no boots)
Stlth   ++........              (no amulet)
HPRegen 0.24/turn               (no ring)
MPRegen 0.08/turn               (no ring)

@: healing quickly
A: alive, fangs 3, see invisible, vampiric 1
a: Exsanguinate


You were on level 1 of the Dungeon.
You visited 1 branch of the dungeon, and saw 1 of its levels.

Inventory:

Armour
 a - a +0 robe (worn)
Potions
 b - a potion of heal wounds {unknown}


   Skills:
 + Level 2.2 Dodging
 + Level 3.0 Stealth
 + Level 2.1 Spellcasting
 + Level 4.5 Necromancy


You had 2 spell levels left.
You knew the following spells:

 Your Spells              Type           Power      Damage    Failure   Level
a - Pain                  Necr           68%        1d7       3%          1
b - Animate Skeleton      Necr           34%        N/A       3%          1

Your spell library contained the following spells:

 Spells                   Type           Power      Damage    Failure   Level
 Vampiric Draining        Necr           8%         2d7       9%          3
 Animate Dead             Necr           8%         N/A       28%         4
 Gell's Gravitas          Tloc           0%         N/A       50%         3
 Teleport Other           Tloc           1%         N/A       50%         3
 Agony                    Necr           17%        N/A       63%         5
 Dispersal                Tloc           0%         N/A       100%        6


Dungeon Overview and Level Annotations

Branches:
Dungeon (1/15)

Altars:


Innate Abilities, Weirdness & Mutations

Your natural rate of healing is accelerated.
You have razor-sharp teeth.
You have supernaturally acute eyesight. (SInv)
You are afflicted with vampirism.


Message History

Confirm with . or Enter, or press ? or * to list all spells.
Aiming: Pain (safe; 3% risk of failure)
Press: ? - help, Shift-Dir - straight line, f/p - jackal
Aim: a jackal (chance to affect: 87%)
The jackal writhes in agony.
The jackal closely misses you.
You hit the jackal but do no damage.
The jackal is moderately wounded.
The jackal bites you. x2
You are too injured to fight recklessly!
You are too injured to fight recklessly!
You are too injured to fight recklessly!
You are too injured to fight recklessly!
You closely miss the jackal.
The jackal is moderately wounded.
You hear a shout!
The jackal bites you but does no damage.
You barely miss the jackal. You bite the jackal.
The jackal is severely wounded.
The jackal bites you.
You hit the jackal but do no damage.
The jackal is severely wounded.
The jackal barely misses you. The jackal closely misses you.
You completely miss the jackal.
The jackal is severely wounded.
The jackal barely misses you.
You miss the jackal.
The jackal is heavily wounded.
The jackal bites you. x2
* * * LOW HITPOINT WARNING * * *
You closely miss the jackal.
The jackal is heavily wounded.
The jackal bites you but does no damage.
You closely miss the jackal.
The jackal is heavily wounded.
The jackal bites you.
* * * LOW HITPOINT WARNING * * *
You hit the jackal but do no damage. Your bite misses the jackal.
The jackal is heavily wounded.
The jackal bites you.
You die...

#######.#....#
#.#....######
#.#..........
####........####
#......#..#.#
#........## .#
#........###.###
#..............#
#.....@#####..##
#...###hh.# #
#.## h..# # #..#
.... ..##+ .# .#


You could see 3 jackals.

Vanquished Creatures
  3 jackals (D:1)
  A ball python (D:1)
4 creatures vanquished.

Notes
Turn   | Place    | Note
-------+----------+-------------------------------------------
     0 | D:1      | Ahmedlingzor the Vampire Necromancer began the quest for
                  | the Orb.
     0 | D:1      | Reached XP level 1. HP: 13/13 MP: 3/3
    26 | D:1      | Learned a level 1 spell: Animate Skeleton
   115 | D:1      | Slain by a jackal

Illustrated notes

Levels and vault maps discovered:
D:1:      minmay_arrival_open_corners, layout_rooms,
          shapermc_ecumenical_altar_mp_vishouse

Action                   || total
-------------------------++-------
Melee: Unarmed           ||    24
       Bite              ||     1
 Cast: Pain              ||     6
 Stab: Sleeping          ||     1
Armor: Robe              ||     5
Dodge: Dodged            ||    17

Table legend: (Time is in decaauts)
 A = Elapsed time spent in this place.
 B = Non-inter-level travel time spent in this place.
 C = Inter-level travel time spent in this place.
 D = Time resting spent in this place.
 E = Time spent auto-exploring this place.
 F = Levels seen in this place.
 G = Mean time per level.
                   A        B        C        D        E       F      G
               +--------+--------+--------+--------+--------+-----+--------+
         Total |    115 |    115 |      0 |      0 |     65 |   1 |  115.0 |
       Dungeon |    115 |    115 |      0 |      0 |     65 |   1 |  115.0 |
               +--------+--------+--------+--------+--------+-----+--------+

Top non-repeatable levels by time:
     D:1: 115 daAuts
